AoeStats
← KND

Hill Fort

504737566Analyzed
4v4 RM · 25d ago on Sep 6, 2026· 48m 8s· 8 players
Game mode
Random Map
Map size
Large (8 player)
Population
200
Speed
Normal
Resources
Standard
Victory
Conquest
Starting age
Dark Age
Ending age
Imperial Age
RankedLock teamsTeams togetherTeam positionsShared explorationLock speedFull tech treeHidden civsTurbo modeCheats
Victory
Defeat
🇧🇷 Celts · Brazil
1572
+14
🇩🇪 Berbers · Germany
1556
+14
🇧🇷 Saracens · Brazil
1542
+15
🇭🇰 Britons · Hong Kong SAR China
1445
+19
🇨🇳 Georgians · China
1546
-17
🇺🇸 Japanese · United States
1531
-16
🇦🇺 Berbers · Australia
1501
-15
🇹🇷 Jurchens · Türkiye
1479
-14
NØRTHLANE
10:52 Feudal Age
12:16 Loom
15:32 Castle Age
13:58 Double-Bit Axe
14:54 Horse Collar
17:43 Fletching
18:22 Padded Archer Armor
21:37 Bow Saw
23:07 Bodkin Arrow
23:50 Scale Barding Armor
26:00 Wheelbarrow
27:14 Leather Archer Armor
28:37 Town Watch
29:05 Stone Mining
30:06 Gold Mining
33:35 Heavy Plow
33:42 Husbandry
35:28 Gold Shaft Mining
35:28 Stone Shaft Mining
36:34 Thumb Ring
40:21 Imperial Age
38:32 Forging
40:24 Hand Cart
40:29 Bloodlines
42:05 Chemistry
41:28 Ballistics
41:53 Siege Engineers
41:51 Bracer
42:12 Chain Barding Armor
41:58 Cavalier
43:18 Masonry
42:54 Arrowslits
42:52 Elite Camel Archer
43:00 Light Cavalry
45:35 Plate Barding Armor
47:02 Hoardings
48:29 Conscription
busy pushing deer
9:08 Feudal Age
9:19 Man-at-Arms
9:51 Arson
15:16 Scale Mail Armor
15:22 Double-Bit Axe
17:27 Wheelbarrow
18:37 Forging
18:12 Horse Collar
19:12 Horse Collar
22:03 Castle Age
20:19 Gold Mining
21:52 Loom
22:23 Fletching
23:03 Bow Saw
22:43 Fishing Lines
23:00 Bodkin Arrow
23:06 Padded Archer Armor
23:44 Gold Shaft Mining
23:42 Loom
31:14 Gillnets
33:26 Ballistics
35:38 Imperial Age
34:42 Hand Cart
34:13 Town Watch
34:58 Leather Archer Armor
34:56 Stone Mining
37:30 Chemistry
36:40 Bracer
36:43 Husbandry
36:54 Bloodlines
37:07 Thumb Ring
38:13 Ring Archer Armor
37:42 Guard Tower
37:38 Arrowslits
40:22 Parthian Tactics
41:06 Two-Man Saw
40:18 Heavy Cavalry Archer
41:06 Elite Genitour
42:52 Keep
42:23 Siege Engineers
43:06 Yasama
48:36 Kataparuto
48:37 Conscription
The_OFLi
6:19 Loom
8:52 Feudal Age
9:30 Double-Bit Axe
12:52 Horse Collar
14:23 Scale Barding Armor
17:46 Padded Archer Armor
19:51 Castle Age
18:09 Gold Mining
20:20 Wheelbarrow
21:10 Leather Archer Armor
22:16 Ballistics
22:12 Siege Engineers
23:41 Bow Saw
29:04 Heavy Plow
35:48 Imperial Age
34:03 Hand Cart
37:32 Chemistry
36:57 Heavy Rocket Cart
42:38 Capped Ram
46:28 Ring Archer Armor
46:51 Gold Shaft Mining
46:19 Elite Genitour
46:50 Fletching
47:33 Husbandry
47:44 Bloodlines
47:56 Bodkin Arrow
今夜月色真好
6:33 Loom
9:20 Feudal Age
11:04 Horse Collar
17:19 Wheelbarrow
18:28 Town Watch
21:20 Castle Age
20:11 Double-Bit Axe
20:21 Stone Mining
22:24 Light Cavalry
23:16 Scale Barding Armor
23:22 Forging
24:31 Husbandry
32:37 Fletching
33:19 Ballistics
33:20 Bow Saw
33:34 Guard Tower
35:06 Bodkin Arrow
35:47 Gold Mining
37:01 Svan Towers
43:32 Imperial Age
43:18 Pikeman
43:59 Squires
44:13 Bracer
44:57 Keep
44:10 Arrowslits
45:26 Chemistry
44:22 Halberdier
45:06 Scale Mail Armor
Sorrateiro
10:06 Loom
12:23 Feudal Age
16:23 Castle Age
14:50 Double-Bit Axe
15:07 Horse Collar
18:20 Bow Saw
18:57 Town Watch
22:53 Gold Mining
25:50 Heavy Plow
28:03 Wheelbarrow
31:12 Scale Barding Armor
31:58 Forging
35:27 Bloodlines
35:17 Husbandry
38:08 Ballistics
38:09 Chain Barding Armor
41:02 Imperial Age
38:27 Stone Mining
38:50 Fletching
39:36 Iron Casting
39:47 Caravan
40:21 Bodkin Arrow
40:13 Treadmill Crane
41:05 Masonry
41:48 Gold Shaft Mining
42:12 Coinage
41:58 Hand Cart
42:44 Two-Man Saw
41:56 Siege Engineers
42:52 Chemistry
42:30 Plate Barding Armor
41:57 Bracer
42:58 Blast Furnace
41:42 Elite Mameluke
42:18 Light Cavalry
43:35 Conscription
43:29 Counterweights
44:01 Hussar
45:43 Banking
47:25 Town Patrol
poweredbygamespy
11:02 Feudal Age
9:26 Loom
11:13 Feudal Age
16:33 Castle Age
15:23 Double-Bit Axe
16:11 Fletching
17:50 Bow Saw
18:04 Horse Collar
20:26 Bodkin Arrow
20:24 Loom
21:15 Wheelbarrow
24:41 Hand Cart
24:55 Padded Archer Armor
30:26 Imperial Age
31:26 Bracer
32:35 Chemistry
32:15 Conscription
33:39 Ballistics
34:22 Heavy Plow
34:49 Gold Mining
34:55 Stone Mining
35:39 Bloodlines
35:30 Husbandry
35:29 Town Watch
37:27 Leather Archer Armor
39:29 Ring Archer Armor
42:24 Light Cavalry
44:53 Elite Camel Archer
45:48 Maghrebi Camels
45:57 Scale Barding Armor
46:21 Forging
48:30 Chain Barding Armor
48:46 Iron Casting
中家不出马螺线升天
9:54 Feudal Age
12:24 Double-Bit Axe
15:24 Loom
17:03 Fletching
17:28 Horse Collar
19:24 Wheelbarrow
18:41 Gold Mining
19:23 Padded Archer Armor
24:48 Castle Age
24:53 Crossbowman
25:30 Bodkin Arrow
26:05 Bow Saw
32:34 Ballistics
32:57 Leather Archer Armor
33:52 Heavy Plow
35:27 Masonry
35:31 Fortified Wall
38:08 Treadmill Crane
41:07 Imperial Age
38:28 Town Watch
39:58 Yeomen
41:50 Bracer
43:13 Chemistry
42:43 Conscription
44:43 Caravan
46:02 Hand Cart
47:13 Two-Man Saw
46:29 Elite Skirmisher
48:16 Ring Archer Armor
48:46 Hand Cart
KND
9:14 Feudal Age
9:47 Double-Bit Axe
9:43 Horse Collar
14:20 Loom
17:30 Castle Age
18:24 Bow Saw
18:32 Heavy Plow
19:44 Fletching
20:59 Wheelbarrow
21:44 Stone Mining
25:42 Gold Mining
25:56 Stronghold
26:30 Hand Cart
30:15 Imperial Age
29:30 Gold Shaft Mining
29:17 Forging
29:07 Scale Mail Armor
29:21 Treadmill Crane
30:07 Bodkin Arrow
32:08 Chemistry
32:03 Guard Tower
31:39 Elite Woad Raider
32:58 Iron Casting
32:38 Chain Mail Armor
33:33 Stone Shaft Mining
32:57 Capped Ram
33:52 Siege Engineers
34:24 Conscription
35:37 Furor Celtica
35:59 Siege Ram
36:33 Arson
36:42 Pikeman
37:28 Halberdier
37:54 Gambesons
38:54 Hoardings
38:09 Town Watch
38:58 Plate Mail Armor
39:28 Blast Furnace
38:54 Stronghold
40:40 Town Patrol
44:20 Murder Holes
44:36 Masonry
Connection lost

Rejoining the realm…

Still unreachable

The connection could not be restored.

Session expired

The server has moved on; the page needs a fresh start.